 Dungeon Crawl Stone Soup version 0.31-a0-667-g39726597b9 (webtiles) character file.

Game seed: 13082184251484476226

508 LadyOphelia the Chopper (level 6, -2/56 HPs)
             Began as a Minotaur Fighter on Sept 4, 2023.
             Slain by a river rat (4 damage)
             ... on level 6 of the Dungeon.
             The game lasted 00:09:27 (2554 turns).

LadyOphelia the Chopper (Minotaur Fighter)          Turns: 2554, Time: 00:09:28

Health: -2/56      AC:  7    Str: 23    XL:     6   Next: 98%
Magic:  5/5        EV: 10    Int:  5    God:
Gold:   143        SH:  4    Dex:  9    Spells: 5/5 levels left

rFire   . . .        a - +0 war axe
rCold   . . .        c - +0 buckler
rNeg    . . .        b - +0 scale mail
rPois   .            (helmet restricted)
rElec   .            (no cloak)
rCorr   .            (no gloves)
SInv    .            (no boots)
Will    .....        (no amulet) Stlth
                     (no ring)
HPRegen 0.29/turn    (no ring)
MPRegen 0.09/turn

%: no passive effects
@: no status effects
A: horns 2, retaliatory headbutt
a: no special abilities


You were on level 6 of the Dungeon.
You visited 1 branch of the dungeon, and saw 5 of its levels.

You collected 143 gold pieces.

Inventory:

Hand Weapons
 a - a +0 war axe (weapon)
Missiles
 f - 10 boomerangs
 m - 11 poisoned darts
Armour
 b - a +0 scale mail (worn)
 c - a +0 buckler (worn)
 l - a scarf of resistance
Scrolls
 e - a scroll of torment {unknown}
 k - 2 scrolls of fog
 n - a scroll of identify
 q - a scroll of vulnerability {unknown}
Potions
 d - 2 potions of might
 g - 3 potions of brilliance
 h - 2 potions of enlightenment {unknown}
 i - a potion of haste {unknown}
 o - a potion of lignification {unknown}
 p - 2 potions of curing {unknown}


   Skills:
 + Level 5.0 Fighting
 + Level 6.2 Axes
 + Level 5.7 Armour
 + Level 1.3 Dodging
 + Level 0.3 Stealth
 + Level 4.5 Shields


You had 5 spell levels left.
You didn't know any spells.
Your spell library was empty.

Dungeon Overview and Level Annotations

Branches:
Dungeon (6/15)             Temple (0/1) D:5

Altars:
Gozag
Vehumet
The Shining One

Portals:
Sewer: D:6

Annotations:
D:6 Maggie


Innate Abilities, Weirdness & Mutations

You have a pair of horns on your head.
You reflexively headbutt those who attack you in melee.


Message History

You barely resist. The jelly closely misses you.
You slash the jelly!
Your hands burn!
The jelly is almost dead.
The jelly misses you. You furiously retaliate!
You headbutt the jelly!
You kill the jelly!
The orc priest mumbles some strange prayers to Beogh against you.
Beogh smites you!
Your Fighting skill increases to level 5!
As you read the scroll of teleportation, it crumbles to dust.
You feel strangely unstable.
The orc priest hits you with a +0 dagger.
* * * LOW HITPOINT WARNING * * *
The orc priest calls down the wrath of Beogh upon you.
Pain shoots through your body!
* * * LOW HITPOINT WARNING * * *
You block the orc's attack.
Your surroundings suddenly seem different.
Found 12 gold pieces.
Found an escape hatch in the ceiling.
You hear the brisk rusting of a very distant drain.
You start resting.
An orc priest is nearby!
You see here 12 gold pieces.
As you read the scroll of teleportation, it crumbles to dust.
You feel strangely unstable.
Your surroundings suddenly seem different.
A rat, a river rat, a ball python and Maggie come into view.
Maggie is wielding a +0 broad axe and carrying a wand of flame.
Found 22 gold pieces.
Found a glowing drain.
Maggie shouts!
Maggie points at you and mumbles some strange words.
The bolt of fire hits you!
* * * LOW HITPOINT WARNING * * *
A rat comes into view.
Nothing quivered!
There are monsters nearby!
You block Maggie's attack.
You closely miss the river rat. You barely miss Maggie.
The river rat bites you.
You die...

#####
##...#####
#.........
#.........
##.....~~~.
#..@r.~~r~~
#..r@S~~∩~~
#.....~~~~~
#.......~~~.
#...........
#.......$...
##........#.
#.........


You could see Maggie, a river rat, a ball python and 2 rats.

Vanquished Creatures
  2 scorpions
  A quasit (D:6)
  4 jellies
  An orc priest (D:3)
  A hound (D:5)
  An iguana (D:6)
  An orc wizard (D:5)
  3 adders
  A white imp (D:5)
  3 worms (D:2)
  2 dart slugs
  17 orcs
  3 ball pythons
  6 bats
  3 endoplasms
  2 goblins
  3 hobgoblins
  2 jackals (D:5)
  3 kobolds (D:2)
  3 quokkas
  3 frilled lizards
  3 hobgoblin zombies (D:6)
  A kobold zombie (D:6)
  An orc skeleton (D:6)
  2 orc zombies (D:6)
  4 rats
76 creatures vanquished.

Notes
Turn   | Place    | Note
-------+----------+-------------------------------------------
     0 | D:1      | LadyOphelia the Minotaur Fighter began the quest for the
                  | Orb.
     0 | D:1      | Reached XP level 1. HP: 19/19 MP: 0/0
   233 | D:1      | Reached XP level 2. HP: 27/27 MP: 1/1
   731 | D:2      | HP: 1/27 [worm (7)]
   887 | D:2      | Reached XP level 3. HP: 26/33 MP: 2/2
   893 | D:2      | Reached skill level 3 in Axes
  1130 | D:3      | Found a radiant altar of Vehumet.
  1141 | D:3      | Reached XP level 4. HP: 40/40 MP: 3/3
  1164 | D:3      | Reached skill level 4 in Axes
  1194 | D:3      | You fall into a shaft and drop 2 floors!
  1194 | D:5      | Entered Level 5 of the Dungeon
  1217 | D:5      | Reached XP level 5. HP: 46/46 MP: 4/4
  1244 | D:5      | Reached skill level 5 in Armour
  1482 | D:5      | Found a staircase to the Ecumenical Temple.
  1520 | D:5      | Reached skill level 5 in Axes
  1520 | D:5      | Reached XP level 6. HP: 51/53 MP: 5/5
  1998 | D:5      | Reached skill level 1 in Dodging
  2061 | D:5      | Found an opulent altar of Gozag.
  2315 | D:6      | Found a glowing golden altar of the Shining One.
  2418 | D:6      | Reached skill level 6 in Axes
  2540 | D:6      | Reached skill level 5 in Fighting
  2552 | D:6      | Found a glowing drain.
  2552 | D:6      | Noticed Maggie
  2552 | D:6      | HP: 2/56 [Maggie/bolt of fire (9)]
  2554 | D:6      | Slain by a river rat

Illustrated notes

Levels and vault maps discovered:
D:1:      nzn_arrival_settlement, layout_loops_ring, minmay_quantized
D:2:      minmay_thinvault, layout_basic, uniq_natasha
D:3:      layout_rooms, mainiacjoe_overflow_concentric_impassable,
          ebering_ecumenical_altar_hall, uniq_ijyb, uniq_sigmund
D:5:      layout_layer_cave, mainiacjoe_overflow_alcove_2,
          minmay_temple_entry_antechambers
D:6:      layout_cave_pods, zin_purify, nicolae_tso_besieged_by_evil,
          portal_sewer_entry_a, uniq_maggie

Skill      XL: |  1  2  3  4  5  6 |
---------------+-------------------+-----
Armour         | 4 5 |  5.7
Fighting       | 4 5 |  5.0
Axes           | 3 4 5 6 |  6.2
Shields        | 4 |  4.5
Dodging        | 1 |  1.3
Stealth        | |  0.3

Action                     |  1- 3 |  4- 6 || total
---------------------------+-------+-------++-------
  Melee: War axe           |    99 |    84 ||   183
         Headbutt          |     7 |    13 ||    20
    Use: Scroll            |     3 |     2 ||     5
 Armour: Scale mail        |    68 |    78 ||   146
  Dodge: Dodged            |    49 |    43 ||    92
  Block: Buckler           |    30 |    21 ||    51

Table legend: (Time is in decaauts)
 A = Elapsed time spent in this place.
 B = Non-inter-level travel time spent in this place.
 C = Inter-level travel time spent in this place.
 D = Time resting spent in this place.
 E = Time spent auto-exploring this place.
 F = Levels seen in this place.
 G = Mean time per level.
                   A        B        C        D        E       F      G
               +--------+--------+--------+--------+--------+-----+--------+
         Total |   2614 |   2571 |     43 |    109 |   1704 |   5 |  522.8 |
       Dungeon |   2614 |   2571 |     43 |    109 |   1704 |   5 |  522.8 |
               +--------+--------+--------+--------+--------+-----+--------+

Top non-repeatable levels by time:
     D:5: 1016 daAuts
     D:1: 740 daAuts
     D:2: 394 daAuts
     D:6: 362 daAuts
     D:3: 100 daAuts
